 Dungeon Crawl Stone Soup version 0.30.0-29-ga12c61a403 (webtiles) character file.

Game seed: 10214806588061424928

18671 qw the Cleaver (level 12, 0/77 HPs)
             Began as a Gargoyle Fighter on June 4, 2023.
             Was an Elder of Okawaru.
             Slain by a bog body (6 damage)
             ... on level 3 of the Lair of Beasts.
             The game lasted 00:05:46 (10944 turns).

qw the Cleaver (Gargoyle Fighter)                  Turns: 10944, Time: 00:05:47

Health: 0/77       AC: 31    Str: 23    XL:     12   Next: 60%
Magic:  18/18      EV: 10    Int:  9    God:    Okawaru [****..]
Gold:   603        SH:  6    Dex:  9    Spells: 11/11 levels left

rFire   . . .        p - +1 broad axe
rCold   . . .        c - +0 buckler
rNeg    + . .        f - +0 plate armour
rPois   inf          (helmet restricted)
rElec   +            (no cloak)
rCorr   .            m - +1 pair of gloves
SInv    .            o - +0 pair of boots
Will    .....        b - amulet of faith Stlth
                     w - +4 ring of slaying {mikee}
HPRegen 0.32/turn    (no ring)
MPRegen 0.16/turn

%: faith
@: about to teleport, heroic, slowed, very slow
A: sickness immunity, AC +8, negative energy resistance 1, electricity
resistance, torment resistance 1, petrification resistance, antennae 1,
iridescent scales 1, weak 1, sturdy frame 1
a: Renounce Religion, Heroism, Finesse


You were on level 3 of the Lair of Beasts.
You worshipped Okawaru.
Okawaru was greatly pleased with you.
You visited 3 branches of the dungeon, and saw 12 of its levels.
You also visited: Sewer.

You collected 669 gold pieces.
You spent 66 gold pieces at shops.


Innate Abilities, Weirdness & Mutations

You are immune to sickness and miasma.
Your stone body is resilient. (AC +8)
You are immune to poison.
You resist negative energy. (rN+)
You are resistant to electric shocks. (rElec)
You are resistant to unholy torment.
You are immune to petrification.
You have a pair of small antennae on your head.
You are partially covered in iridescent scales. (AC +2)
You are weak. (Str -2)
Your movements are slightly less encumbered by armour. (ER -2)


   Skills:
 - Level 10.0(15.0) Fighting
 + Level 13.3(18.3) Axes
 - Level 2.1(7.1) Throwing
 - Level 9.2(14.2) Armour
 - Level 2.1(7.1) Dodging
 - Level 6.6(11.6) Shields
 + Level 8.2 Invocations


You had 11 spell levels left.
You didn't know any spells.
Your spell library was empty.

Inventory:

Hand Weapons
 a - a +2 morningstar of freezing
 p - a +1 broad axe (weapon)
Missiles
 g - 6 boomerangs (quivered)
Armour
 c - a +0 buckler (worn)
 f - a +0 plate armour (worn)
 i - the +0 hat of Weafra {*Corrode rC+++ Int-5 SInv}
   (You found it on level 3 of the Lair of Beasts)

   Int:       It affects your intelligence (-5).
   rC:        It renders you almost immune to cold.
   SInv:      It lets you see invisible.
   *Corrode:  It may corrode you when you take damage.
 m - a +1 pair of gloves (worn)
 o - a +0 pair of boots (worn)
 u - the +4 chain mail of Ygarayk {rC+}
   (You found it on level 3 of the Lair of Beasts)

   rC:        It protects you from cold.
Jewellery
 b - an amulet of faith (around neck)
 w - a +4 ring of slaying (left hand) {mikee}
Scrolls
 j - 4 scrolls of teleportation
 l - 4 scrolls of identify
 n - 2 scrolls of magic mapping {unknown}
 s - a scroll of fear {unknown}
Potions
 d - 4 potions of might
 e - 2 potions of lignification
 h - 6 potions of haste
 k - a potion of heal wounds
 q - 3 potions of attraction
 r - 2 potions of cancellation {unknown}
 t - 2 potions of magic {unknown}
 z - a potion of curing

Dungeon Overview and Level Annotations

Branches:
Dungeon (8/15)             Temple (1/1) D:7            Lair (3/5) D:8
  Sewer (visited)
  Swamp: Lair:2-3    Shoals: Lair:2-3     Snake: Lair:2-3    Spider: Lair:2-3

Altars:
Ashenzari
Cheibriados
Dithmenos
Elyvilon
Fedhas
Gozag
Hepliaklqana
Kikubaaqudgha
Makhleb
Nemelex Xobeh
Okawaru
Qazlal
Ru
Sif Muna
Trog
Vehumet
Wu Jian
Xom
Yredelemnul
Zin
The Shining One

Shops:
D:1 *   D:3 *   D:4 *   D:5 :

Portals:
Abyss: D:7

Annotations:
D:7 2 transporters, qw's ghost, novice GrFi


Message History

Enter note:
Enter note:
Enter note:
Enter note:
Enter note:
Enter note: Your unstable footing causes you to fumble your attack.
The bog body touches you but does no damage.
Your unstable footing causes you to fumble your attack.
The bog body touches you but does no damage.
Your unstable footing causes you to fumble your attack.
You block the bog body's attack.
Your unstable footing causes you to fumble your attack.
The bog body gestures at you while chanting.
You resist with significant effort.
You completely miss the bog body. You block the bog body's attack.
You slash the bog body!
The bog body is moderately damaged.
You slash the bog body!
The bog body touches you but does no damage.
The bog body points at you and mumbles some strange words.
The bolt of cold misses you.
The bog body gestures at you while chanting.
The bolt of cold hits you.
10942 ||| Stepping ~*~*~tactically~*~*~ (cloud).
The bog body attacks as you move away! The bog body touches you.
The bog body freezes you!!
The bog body gestures at you while chanting.
You resist with significant effort.
You enter the shallow water.
Moving in this stuff is going to be slow.
The bog body misses you. The bog body touches you. The bog body freezes you!!
The bog body closely misses you.
10944 ||| READING 5 scrolls of teleportation.
As you read the scroll of teleportation, it crumbles to dust.
You feel strangely unstable. The bog body casts a spell at you.
The bolt of cold misses you. The bog body touches you.
You die...

...## .#......}}...#
...### #.....7%.7..#
....P# #.....7..7..##
.....# ##...77..77..#
.....###....7~7.~7.P#
...>..###...7~..~7..#
.....##
....7~7.~7..## .....#
#... 7~..77.#.#
.#.### 7~.7@77.##
.### ...77~.nn77##
...# ...77~7.~7 ...##
#..77~..~7 ....##
#..77~.7~7 .....#
#..77~..77
.....####..77~ยค.
.....P##...77~..
............7


You could see 2 bog bodies.

Vanquished Creatures
  A hydra (Lair:2)
  A catoblepas (Lair:2)
  2 death yaks (Lair:3)
  A skyshark (Lair:3)
  A bog body (Lair:3)
  A lindwurm (Lair:3)
  3 black mambas
  2 torpor snails (Lair:3)
  2 rime drakes (Lair:1)
  7 cane toads
  2 komodo dragons
  2 polar bears
  2 hornets
  6 blink frogs
  5 basilisks
  6 yaks
  2 steam dragons
  A swamp worm (Lair:3)
  9 water moccasins
  3 orc warriors
  4 sky beasts
  5 ice beasts
  3 black bears
  2 ogres
  7 wolves (Lair:3)
  3 centaurs
  A phantom (D:6)
  A kobold brigand (D:8)
  8 bullfrogs
  2 wyvern zombies (D:7)
  3 scorpions
  2 water moccasin zombies (D:7)
  13 wights
  An electric eel (Lair:1)
  A howler monkey (D:5)
  6 centaur zombies (D:7)
  A hound (D:4)
  4 bullfrog zombies (D:7)
  3 jellies
  7 orc priests
  A gnoll bouda (D:6)
  A sleepcap (D:5)
  3 iguanas
  8 orc wizards
  2 howler monkey zombies (D:7)
  4 gnolls (D:6)
  7 adders
  2 shadow imps (D:8)
  2 white imps
  An ufetubus (D:7)
  A worm (D:2)
  22 orcs
  6 ball pythons
  11 endoplasms
  4 giant cockroaches
  5 goblins
  8 hobgoblins
  7 jackals
  6 quokkas
  5 bats
  4 frilled lizards
  13 kobolds
  18 rats
277 creatures vanquished.

Vanquished Creatures (others)
  An orc (D:6)
1 creature vanquished.

Grand Total: 278 creatures vanquished

Notes
Turn   | Place    | Note
-------+----------+-------------------------------------------
     0 | D:1      | qw the Gargoyle Fighter began the quest for the Orb.
     0 | D:1      | Reached XP level 1. HP: 14/14 MP: 1/1
     0 | D:1      | 0 ||| qw: Version: 0.2-a-107-g4668610
     0 | D:1      | 0 ||| qw: Game counter: 1282
     0 | D:1      | 0 ||| qw: Always use a shield: true
     0 | D:1      | 0 ||| qw: God list: Okawaru
     0 | D:1      | 0 ||| qw: Allow faded altars: false
     0 | D:1      | 0 ||| qw: Do Orc after D:15 true
     0 | D:1      | 0 ||| qw: Do second Lair branch before Depths: true
     0 | D:1      | 0 ||| qw: Lair rune preference: random
     0 | D:1      | 0 ||| qw: Plans: Normal, Zot:1-4, Slime:5, God:TSO, Crypt,
                  | Tomb, Abyss, Pan, Hells, Win
     0 | D:1      | 0 ||| PLANNING D:1-11
    50 | D:1      | Found Qewnoxku's General Store.
    57 | D:1      | 57 ||| READING scroll labelled ATAHORPHEUTO.
    75 | D:1      | Reached skill level 2 in Axes
   429 | D:1      | 429 ||| Stepping ~*~*~tactically~*~*~ (stealth).
   431 | D:1      | Reached XP level 2. HP: 19/19 MP: 2/2
   446 | D:1      | 446 ||| DROPPING +0 club.
   706 | D:1      | Reached skill level 3 in Axes
   788 | D:1      | Reached XP level 3. HP: 23/23 MP: 3/3
   828 | D:1      | 828 ||| Stepping ~*~*~tactically~*~*~ (stealth).
   837 | D:1      | 837 ||| Stepping ~*~*~tactically~*~*~ (stealth).
   856 | D:1      | 856 ||| Stepping ~*~*~tactically~*~*~ (stealth).
   857 | D:1      | 857 ||| Stepping ~*~*~tactically~*~*~ (stealth).
  1084 | D:1      | 1084 ||| UPGRADING to +0 plate armour.
  1094 | D:1      | 1094 ||| DROPPING +0 scale mail.
  1095 | D:1      | 1095 ||| DROPPING orb of guile.
  1096 | D:1      | 1096 ||| UPGRADING to +0 helmet.
  1101 | D:1      | 1101 ||| UPGRADING to +0 pair of boots.
  1106 | D:1      | 1106 ||| READING 2 scrolls labelled VYQEUR SUOGAOH.
  1107 | D:1      | 1107 ||| READING scroll labelled COGGAU VENNI.
  1108 | D:1      | 1108 ||| READING scroll labelled QUWUGG ALOH.
  1109 | D:1      | 1109 ||| DRINKING 2 black potions.
  1110 | D:1      | 1110 ||| DRINKING 2 inky potions.
  1111 | D:1      | 1111 ||| DROPPING scroll of blinking.
  1232 | D:2      | 1232 ||| Stepping ~*~*~tactically~*~*~ (stealth).
  1234 | D:2      | 1234 ||| Stepping ~*~*~tactically~*~*~ (stealth).
  1416 | D:2      | 1416 ||| Stepping ~*~*~tactically~*~*~ (stealth).
  1444 | D:2      | Reached XP level 4. HP: 28/28 MP: 4/4
  1450 | D:2      | Reached skill level 4 in Axes
  1698 | D:2      | 1698 ||| Stepping ~*~*~tactically~*~*~ (hiding).
  1907 | D:2      | 1907 ||| UPGRADING to amulet of faith.
  1912 | D:2      | 1912 ||| READING 3 scrolls of identify.
  1912 | D:2      | 1912 ||| IDENTIFYING murky cyan potion
  1913 | D:2      | 1913 ||| DRINKING potion of experience.
  1913 | D:2      | Reached skill level 11 in Axes
  1913 | D:2      | Reached XP level 5. HP: 32/32 MP: 5/5
  1914 | D:2      | 1914 ||| READING 2 scrolls of identify.
  1914 | D:2      | 1914 ||| IDENTIFYING coppery potion
  1915 | D:2      | 1915 ||| DROPPING potion of brilliance.
  1935 | D:3      | Found Jekubrai's Assorted Antiques.
  1936 | D:3      | 1936 ||| PLANNING SEWER
  1956 | D:3      | Reached XP level 6. HP: 34/37 MP: 6/6
  1979 | D:3      | 1979 ||| SHOPLISTING amber-studded shadow dragon scales
                  | (2125 gold, have 85).
  1979 | D:3      | 1979 ||| BUYING bubbling amethyst potion (22 gold).
  1979 | D:3      | Bought a bubbling amethyst potion for 22 gold pieces
  1979 | D:3      | 1979 ||| BUYING emerald potion (22 gold).
  1979 | D:3      | Bought an emerald potion for 22 gold pieces
  1979 | D:3      | 1979 ||| BUYING green potion (22 gold).
  1979 | D:3      | Bought a green potion for 22 gold pieces
  1979 | D:3      | 1979 ||| SHOPLISTING pair of embroidered gloves (187 gold,
                  | have 19).
  1979 | D:3      | 1979 ||| SHOPLISTING scroll labelled SOXTOA XATHYISM (25
                  | gold, have 19).
  2032 | D:3      | 2032 ||| DROPPING +0 whip.
  2049 | D:3      | Found a broken altar of Ashenzari.
  2189 | D:3      | Found a glowing drain.
  2200 | D:3      | 2200 ||| READING scroll labelled YFEM OCELUO.
  2201 | D:3      | 2201 ||| READING 2 scrolls of identify.
  2201 | D:3      | 2201 ||| IDENTIFYING bubbling amethyst potion
  2202 | D:3      | 2202 ||| DROPPING potion of invisibility.
  2213 | Sewer    | Entered a sewer
  2309 | D:3      | 2309 ||| PLANNING D:1-11
  2319 | D:3      | 2319 ||| Stepping ~*~*~tactically~*~*~ (stealth).
  2320 | D:3      | 2320 ||| Stepping ~*~*~tactically~*~*~ (stealth).
  2321 | D:3      | 2321 ||| Stepping ~*~*~tactically~*~*~ (stealth).
  2628 | D:3      | 2628 ||| READING 2 scrolls labelled SUECKE IKKEB.
  2629 | D:3      | 2629 ||| READING scroll of enchant weapon.
  2629 | D:3      | 2629 ||| ENCHANTING +1 war axe.
  2654 | D:4      | Found a white marble altar of Elyvilon.
  2682 | D:4      | Found Loteorok's General Store.
  2696 | D:4      | 2696 ||| SHOPLISTING potion of curing (33 gold, have 19).
  2696 | D:4      | 2696 ||| SHOPLISTING scroll of identify (22 gold, have 19).
  2718 | D:4      | 2718 ||| Stepping ~*~*~tactically~*~*~ (stealth).
  2976 | D:4      | 2976 ||| Stepping ~*~*~tactically~*~*~ (stealth).
  3351 | D:4      | 3351 ||| READING 3 scrolls labelled WAPRIA GUIHIO.
  3356 | D:4      | 3356 ||| DRINKING 3 smoky coppery potions.
  3357 | D:4      | 3357 ||| DROPPING 2 potions of flight.
  3372 | D:5      | Entered Level 5 of the Dungeon
  3384 | D:5      | Noticed an ice beast
  3392 | D:5      | Killed an ice beast
  3393 | D:5      | Reached XP level 7. HP: 43/43 MP: 7/7
  3394 | D:5      | 3394 ||| Stepping ~*~*~tactically~*~*~ (hiding).
  3396 | D:5      | 3396 ||| Stepping ~*~*~tactically~*~*~ (hiding).
  3428 | D:5      | 3428 ||| DROPPING +0 flail.
  3626 | D:5      | Reached skill level 1 in Dodging
  3663 | D:5      | Reached XP level 8. HP: 48/49 MP: 8/8
  3794 | D:5      | 3794 ||| Stepping ~*~*~tactically~*~*~ (stealth).
  3942 | D:5      | Found Wufosk's Book Shop.
  3953 | D:5      | 3953 ||| UPGRADING to +1 pair of gloves.
  4002 | D:5      | 4002 ||| UPGRADING to +4 ring of slaying {mikee}.
  4003 | D:5      | 4003 ||| DROPPING ring of wizardry.
  4004 | D:5      | 4004 ||| READING scroll labelled SOXTOA XATHYISM.
  4005 | D:5      | 4005 ||| READING scroll labelled YBREH LIAQU.
  4101 | D:6      | Found a bloodstained altar of Trog.
  4108 | D:6      | 4108 ||| Stepping ~*~*~tactically~*~*~ (hiding).
  4111 | D:6      | 4111 ||| Stepping ~*~*~tactically~*~*~ (hiding).
  4119 | D:6      | Reached skill level 6 in Fighting
  4338 | D:6      | Found a blossoming altar of Fedhas.
  4367 | D:6      | Found a hazy altar of Hepliaklqana.
  4427 | D:6      | Reached skill level 6 in Armour
  4590 | D:6      | 4590 ||| Stepping ~*~*~tactically~*~*~ (cloud).
  4597 | D:6      | Reached XP level 9. HP: 54/55 MP: 9/9
  4609 | D:6      | 4609 ||| READING scroll of enchant weapon.
  4609 | D:6      | 4609 ||| ENCHANTING +2 war axe.
  4640 | D:6      | 4640 ||| Stepping ~*~*~tactically~*~*~ (stealth).
  4641 | D:6      | 4641 ||| Stepping ~*~*~tactically~*~*~ (stealth).
  4761 | D:6      | Found a snail-covered altar of Cheibriados.
  4881 | D:6      | 4881 ||| Stepping ~*~*~tactically~*~*~ (stealth).
  4882 | D:6      | 4882 ||| Stepping ~*~*~tactically~*~*~ (stealth).
  4891 | D:6      | 4891 ||| Stepping ~*~*~tactically~*~*~ (stealth).
  5064 | D:6      | 5064 ||| READING scroll labelled REKENE OXOYJOG.
  5065 | D:6      | 5065 ||| READING scroll labelled MERIJA AMIRA.
  5066 | D:6      | 5066 ||| READING 2 scrolls labelled FUVAPT KINTU.
  5067 | D:6      | 5067 ||| READING scroll of brand weapon.
  5067 | D:6      | 5067 ||| BRANDING +3 war axe of draining.
  5068 | D:6      | 5068 ||| READING 2 scrolls of identify.
  5068 | D:6      | 5068 ||| IDENTIFYING red potion
  5069 | D:6      | 5069 ||| DROPPING potion of berserk rage.
  5103 | D:7      | 5103 ||| Stepping ~*~*~tactically~*~*~ (hiding).
  5239 | D:7      | Noticed a hornet
  5245 | D:7      | Killed a hornet
  5296 | D:7      | 5296 ||| Stepping ~*~*~tactically~*~*~ (stealth).
  5378 | D:7      | 5378 ||| Stepping ~*~*~tactically~*~*~ (stealth).
  5397 | D:7      | 5397 ||| Stepping ~*~*~tactically~*~*~ (hiding).
  5464 | D:7      | Reached XP level 10. HP: 57/64 MP: 10/10
  5501 | D:7      | 5501 ||| Stepping ~*~*~tactically~*~*~ (stealth).
  5521 | D:7      | 5521 ||| Stepping ~*~*~tactically~*~*~ (hiding).
  5534 | D:7      | 5534 ||| FLEEEEING.
  5535 | D:7      | 5535 ||| FLEEEEING.
  5536 | D:7      | 5536 ||| FLEEEEING.
  5537 | D:7      | 5537 ||| FLEEEEING.
  5538 | D:7      | 5538 ||| FLEEEEING.
  5539 | D:7      | 5539 ||| FLEEEEING.
  5540 | D:7      | 5540 ||| FLEEEEING.
  5541 | D:7      | 5541 ||| FLEEEEING.
  5542 | D:7      | 5542 ||| FLEEEEING.
  5543 | D:7      | 5543 ||| FLEEEEING.
  5544 | D:7      | 5544 ||| FLEEEEING.
  5545 | D:7      | 5545 ||| FLEEEEING.
  5546 | D:7      | 5546 ||| FLEEEEING.
  5547 | D:7      | 5547 ||| FLEEEEING.
  5548 | D:7      | 5548 ||| FLEEEEING.
  5549 | D:7      | 5549 ||| FLEEEEING.
  5550 | D:7      | 5550 ||| STAIRDANCE
  5584 | D:6      | 5584 ||| READING scroll labelled XOKKOI CYAHIROAJ.
  5651 | D:7      | 5651 ||| DROPPING +0 morningstar.
  5659 | D:7      | Found a transporter.
  5690 | D:7      | Found a staircase to the Ecumenical Temple.
  5691 | D:7      | 5691 ||| PLANNING TEMPLE
  5711 | D:7      | 5711 ||| Stepping ~*~*~tactically~*~*~ (hiding).
  5755 | Temple   | Entered the Ecumenical Temple
  5976 | Temple   | 5976 ||| PLANNING OKAWARU WORSHIP
  5981 | Temple   | Became a worshipper of Warmaster Okawaru
  5981 | Temple   | 5981 ||| PLANNING D:1-11
  6042 | D:7      | 6042 ||| SWAPPING to +0 broad axe.
  6043 | D:7      | 6043 ||| DROPPING +3 war axe of electrocution.
  6061 | D:7      | 6061 ||| FLEEEEING.
  6062 | D:7      | 6062 ||| FLEEEEING.
  6063 | D:7      | 6063 ||| FLEEEEING.
  6064 | D:7      | 6064 ||| FLEEEEING.
  6068 | D:7      | 6068 ||| FLEEEEING.
  6070 | D:7      | 6070 ||| FLEEEEING.
  6071 | D:7      | 6071 ||| FLEEEEING.
  6072 | D:7      | 6072 ||| FLEEEEING.
  6073 | D:7      | 6073 ||| FLEEEEING.
  6074 | D:7      | 6074 ||| FLEEEEING.
  6075 | D:7      | 6075 ||| FLEEEEING.
  6076 | D:7      | 6076 ||| FLEEEEING.
  6077 | D:7      | 6077 ||| FLEEEEING.
  6078 | D:7      | 6078 ||| FLEEEEING.
  6080 | D:7      | 6080 ||| FLEEEEING.
  6081 | D:7      | 6081 ||| Stepping ~*~*~tactically~*~*~ (hiding).
  6082 | D:7      | 6082 ||| Stepping ~*~*~tactically~*~*~ (hiding).
  6154 | D:7      | Noticed qw's ghost (novice GrFi)
  6178 | D:7      | Noticed a green ugly thing
  6194 | D:7      | Found a transporter.
  6339 | D:7      | Found a one-way gate to the infinite horrors of the Abyss.
  6340 | D:7      | 6340 ||| DRINKING 2 emerald potions.
  6391 | D:7      | 6391 ||| READING 2 scrolls of identify.
  6391 | D:7      | 6391 ||| IDENTIFYING green potion
  6392 | D:7      | 6392 ||| DROPPING potion of degeneration.
  6410 | D:8      | 6410 ||| Stepping ~*~*~tactically~*~*~ (hiding).
  6585 | D:8      | Reached skill level 9 in Fighting
  6828 | D:8      | 6828 ||| Stepping ~*~*~tactically~*~*~ (hiding).
  6980 | D:8      | Reached * piety under Okawaru
  6981 | D:8      | 6981 ||| Stepping ~*~*~tactically~*~*~ (cloud).
  7254 | D:8      | Found a staircase to the Lair.
  7262 | D:8      | 7262 ||| INVOKING Heroism.
  7433 | D:8      | 7433 ||| PLANNING LAIR
  7433 | D:8      | 7433 ||| DRINKING 2 lumpy silvery potions.
  7439 | Lair:1   | Entered Level 1 of the Lair of Beasts
  7465 | Lair:1   | 7465 ||| Stepping ~*~*~tactically~*~*~ (stealth).
  7478 | Lair:1   | Reached skill level 1 in Invocations
  7526 | Lair:1   | 7526 ||| Stepping ~*~*~tactically~*~*~ (stealth).
  7527 | Lair:1   | 7527 ||| INVOKING Heroism.
  7796 | Lair:1   | Reached ** piety under Okawaru
  7811 | Lair:1   | 7811 ||| Stepping ~*~*~tactically~*~*~ (hiding).
  7812 | Lair:1   | 7812 ||| Stepping ~*~*~tactically~*~*~ (hiding).
  7824 | Lair:1   | Reached skill level 12 in Axes
  7843 | Lair:1   | 7843 ||| INVOKING Heroism.
  7845 | Lair:1   | Reached skill level 3 in Invocations
  7920 | Lair:1   | Found a frozen archway.
  8105 | Lair:1   | Noticed a cane toad
  8106 | Lair:1   | 8106 ||| INVOKING Heroism.
  8111 | Lair:1   | Killed a cane toad
  8112 | Lair:1   | Reached XP level 11. HP: 67/71 MP: 10/13
  8187 | Lair:1   | 8187 ||| INVOKING Heroism.
  8266 | Lair:1   | 8266 ||| READING scroll of enchant weapon.
  8266 | Lair:1   | 8266 ||| ENCHANTING +0 broad axe.
  8470 | Lair:1   | 8470 ||| DROPPING scarf of harm.
  8471 | Lair:1   | 8471 ||| DRINKING 2 bubbling white potions.
  8471 | Lair:1   | Gained mutation: You have sharp fingernails. [potion of
                  | mutation]
  8471 | Lair:1   | Gained mutation: You are frail. (-10% HP) [potion of
                  | mutation]
  8471 | Lair:1   | Gained mutation: Your spells are a little easier to cast,
                  | but a little less powerful. [potion of mutation]
  8471 | Lair:1   | Gained mutation: You are partially covered in iridescent
                  | scales. (AC +2) [potion of mutation]
  8472 | Lair:1   | 8472 ||| DRINKING potion of mutation.
  8472 | Lair:1   | Lost mutation: You have sharp fingernails. [potion of
                  | mutation]
  8472 | Lair:1   | Lost mutation: You are frail. (-10% HP) [potion of
                  | mutation]
  8472 | Lair:1   | Lost mutation: Your spells are a little easier to cast, but
                  | a little less powerful. [potion of mutation]
  8472 | Lair:1   | Gained mutation: Your movements are slightly less
                  | encumbered by armour. (ER -2) [potion of mutation]
  8472 | Lair:1   | Gained mutation: You have a pair of small antennae on your
                  | head. [potion of mutation]
  8472 | Lair:1   | Gained mutation: You are weak. (Str -2) [potion of
                  | mutation]
  8497 | Lair:1   | 8497 ||| DROPPING +0 helmet.
  8498 | Lair:1   | 8498 ||| READING 2 scrolls of identify.
  8498 | Lair:1   | 8498 ||| IDENTIFYING amethyst potion
  8499 | Lair:1   | 8499 ||| DROPPING potion of ambrosia.
  8524 | Lair:2   | 8524 ||| INVOKING Heroism.
  8582 | Lair:2   | 8582 ||| INVOKING Heroism.
  8591 | Lair:2   | Noticed a catoblepas
  8601 | Lair:2   | Killed a catoblepas
  8602 | Lair:2   | Reached skill level 6 in Shields
  8735 | Lair:2   | Reached *** piety under Okawaru
  8750 | Lair:2   | Noticed a five-headed hydra
  8751 | Lair:2   | 8751 ||| Stepping ~*~*~tactically~*~*~ (stealth).
  8752 | Lair:2   | 8752 ||| Stepping ~*~*~tactically~*~*~ (stealth).
  8755 | Lair:2   | 8755 ||| Stepping ~*~*~tactically~*~*~ (stealth).
  8756 | Lair:2   | 8756 ||| Stepping ~*~*~tactically~*~*~ (stealth).
  8758 | Lair:2   | 8758 ||| INVOKING Heroism.
  8761 | Lair:2   | 8761 ||| SWAPPING to +2 morningstar of freezing.
  8766 | Lair:2   | Killed a five-headed hydra
  8767 | Lair:2   | Reached skill level 9 in Armour
  8767 | Lair:2   | 8767 ||| SWAPPING to +1 broad axe.
  8790 | Lair:2   | 8790 ||| INVOKING Heroism.
  8849 | Lair:2   | 8849 ||| INVOKING Heroism.
  8913 | Lair:2   | 8913 ||| Stepping ~*~*~tactically~*~*~ (stealth).
  8936 | Lair:2   | 8936 ||| INVOKING Heroism.
  9304 | Lair:2   | 9304 ||| INVOKING Heroism.
  9480 | Lair:2   | 9480 ||| Stepping ~*~*~tactically~*~*~ (stealth).
  9482 | Lair:2   | 9482 ||| INVOKING Heroism.
  9493 | Lair:2   | Reached **** piety under Okawaru
  9503 | Lair:2   | 9503 ||| INVOKING Heroism.
  9600 | Lair:2   | 9600 ||| DRINKING 2 white potions.
  9716 | Lair:3   | 9716 ||| FLEEEEING.
  9724 | Lair:3   | 9724 ||| INVOKING Heroism.
  9801 | Lair:3   | Noticed a death yak
  9802 | Lair:3   | 9802 ||| INVOKING Heroism.
  9817 | Lair:3   | Killed a death yak
  9880 | Lair:3   | Noticed a skyshark
  9893 | Lair:3   | 9893 ||| INVOKING Heroism.
  9896 | Lair:3   | Killed a skyshark
  9897 | Lair:3   | Reached XP level 12. HP: 57/77 MP: 13/16
  9911 | Lair:3   | Reached skill level 6 in Invocations
 10042 | Lair:3   | 10042 ||| INVOKING Heroism.
 10085 | Lair:3   | 10085 ||| INVOKING Heroism.
 10099 | Lair:3   | Reached skill level 13 in Axes
 10255 | Lair:3   | Identified the +0 hat of Weafra {*Corrode rC+++ Int-5 SInv}
 10324 | Lair:3   | Reached ***** piety under Okawaru
 10325 | Lair:3   | Reached skill level 1 in Throwing
 10361 | Lair:3   | 10361 ||| INVOKING Heroism.
 10381 | Lair:3   | 10381 ||| INVOKING Heroism.
 10576 | Lair:3   | Identified the +4 chain mail of Ygarayk {rC+}
 10582 | Lair:3   | Received a gift from Okawaru
 10596 | Lair:3   | Noticed a death yak
 10597 | Lair:3   | 10597 ||| INVOKING Heroism.
 10598 | Lair:3   | 10598 ||| INVOKING Finesse.
 10614 | Lair:3   | Killed a death yak
 10753 | Lair:3   | 10753 ||| FLEEEEING.
 10757 | Lair:3   | 10757 ||| Stepping ~*~*~tactically~*~*~ (cloud).
 10758 | Lair:3   | 10758 ||| INVOKING Heroism.
 10928 | Lair:3   | 10928 ||| INVOKING Heroism.
 10942 | Lair:3   | 10942 ||| Stepping ~*~*~tactically~*~*~ (cloud).
 10943 | Lair:3   | HP: 6/77 [bog body (25)]
 10944 | Lair:3   | 10944 ||| READING 5 scrolls of teleportation.
 10944 | Lair:3   | Slain by a bog body

Levels and vault maps discovered:
D:1:      shiori_shiawase, layout_basic, serial_shops, nicolae_shop_waterfront
D:2:      layout_loops_ring, kennysheep_donut, st_stairs_6
D:3:      layout_basic, ashenzari_altar_1, portal_sewer_entry_a, serial_shops,
          nicolae_shop_overgrown_old_shop
D:4:      layout_basic, elyvilon_altar_4, serial_shops, shop, serial_glass,
          glass_columns_b, glass_columns_a, item_on_display_a, feat_on_display
D:5:      layout_basic, serial_shops, nicolae_book_shop_shelving,
          chequers_arboretum, minmay_quadrilaterals
D:6:      layout_loops_corners, mainiacjoe_overflow_catch_the_wave,
          mainiacjoe_overflow_large_starburst
D:7:      layout_basic, minmay_temple_entry_arrows,
          gammafunk_ghost_abyssal_escape, serial_undead, serial_undead_d,
          serial_undead_d, serial_undead_a, serial_undead_e, serial_undead_d,
          serial_undead_a, serial_undead_a, serial_undead_c
D:8:      layout_loops_ring, david_lair_shrubbed
Temple:   regret_index_temple_generic_petals
Lair:1:   layout_cave_pods, portal_ice_cave_rime, serial_bayou_shore_a
Lair:2:   layout_regular_city
Lair:3:   nzn_winding_woodlands_large [nzn_winding_woodlands_5x5_checkerboard,
          nzn_winding_woodlands_5x15_twine,
          nzn_winding_woodlands_5x5_closed_star,
          nzn_winding_woodlands_center_lodge,
          nzn_winding_woodlands_15x15_thick_spiral,
          nzn_winding_woodlands_center_garden, nzn_winding_woodlands_hourglass,
          nzn_winding_woodlands_5x15_split_checker,
          nzn_winding_woodlands_5x5_three], layout_hall_layers,
          nicolae_swamp_entry_splash_gauntlet, spider_nest_entry_web_field

Skill      XL: |  1  2  3  4  5  6  7  8  9 10 11 12 |
---------------+-------------------------------------+-----
Axes           | 2 3 11 12 13 | 13.3
Fighting       | 4 5 6 8 9 10 | 10.0
Armour         | 4 6 7 8 9 |  9.2
Dodging        | 1 2 |  2.1
Shields        | 4 5 6 |  6.6
Invocations    | 3 5 8 |  8.2
Throwing       | 2 |  2.1

Action                     |  1- 3 |  4- 6 |  7- 9 | 10-12 || total
---------------------------+-------+-------+-------+-------++-------
  Melee: War axe           |    94 |   136 |   212 |    45 ||   487
         Broad axe         |       |       |       |   404 ||   404
         Morningstar       |       |       |       |     5 ||     5
  Throw: Boomerang         |    41 |     6 |     2 |    23 ||    72
 Invoke: Heroism           |       |       |       |    24 ||    24
         Finesse           |       |       |       |     1 ||     1
    Use: Scroll            |     4 |     7 |     8 |     5 ||    24
         Potion            |     2 |     2 |       |     5 ||     9
   Stab: Distracted        |       |     1 |       |       ||     1
 Armour: Scale mail        |    28 |       |       |       ||    28
         Plate armour      |    15 |    66 |   120 |   262 ||   463
  Dodge: Dodged            |    37 |    22 |    58 |   135 ||   252
  Block: Buckler           |    11 |    14 |    52 |   100 ||   177

Table legend:
 A = Non-vault XP
 B = Vault XP
 C = Vault XP percentage of total XP
 D = Non-vault monster count
 E = Vault monster count
 F = Vault count percentage of total count
                 A         B        C        D         E       F
            +---------+---------+-------+---------+---------+-------
      Total |   16481 |   10044 |  37.9 |     211 |      66 |  23.8
            +---------+---------+-------+---------+---------+-------
        D:1 |      43 |       0 |   0.0 |      28 |       0 |   0.0
        D:2 |     112 |       5 |   4.3 |      25 |       3 |  10.7
        D:3 |     120 |       5 |   4.0 |      15 |       5 |  25.0
        D:4 |     132 |       0 |   0.0 |      15 |       0 |   0.0
        D:5 |     698 |     177 |  20.2 |      19 |       3 |  13.6
        D:6 |    1427 |       0 |   0.0 |      20 |       0 |   0.0
        D:7 |    1599 |    1543 |  49.1 |      24 |      26 |  52.0
        D:8 |     949 |     355 |  27.2 |      20 |       1 |   4.8
     Lair:1 |    1532 |     743 |  32.7 |       9 |       2 |  18.2
     Lair:2 |    6929 |       0 |   0.0 |      22 |       0 |   0.0
     Lair:3 |    2940 |    7211 |  71.0 |      14 |      21 |  60.0
      Sewer |       0 |       5 | 100.0 |       0 |       5 | 100.0
            +---------+---------+-------+---------+---------+-------
